cohdb
Replays
Latest Replays
All Replays
Popular Replays
Top Player Replays
Match Explorer
How It Works
Community
CoH3 Stats
Reddit
Sign in to upload your games and track your stats! →
Sign in with Steam
Match 42874672
Unlisted
Match 42874672
Overview
Messages
Build Orders
End
Construct Section Command Post
Infantry Section
Selects Indian Artillery Battlegroup
Infantry Section
ML 3-inch Mortar Team
Vickers Machine Gun Team
Construct Platoon Command Post
Selects Artillery Saturation
Humber Armored Car
6-pounder Anti-tank Gun Team
Selects Off-map Airburst Barrage
Construct Company Command Post
Infantry Training
Foot Guards Section
Selects BL5.5 Artillery Emplacement
Off-map Airburst Barrage
Matilda II Heavy Tank
Selects Valour
Foot Guards Section
Grenade Package
Off-map Airburst Barrage
Unlock Towed 17-pounder Anti-tank Guns
Off-map Airburst Barrage
17-pounder Anti-tank Gun Team
Team Weapon Training
Selects Gurkha Rifles Section
Selects Pillage
Armored Vehicle Training
Armored Vehicle Training
Random_Target
just a chill world leader ♡
Mace
WebG
janplzacihlar_cz
JaDoBe
0
0
Comments
sign in to comment!
No comments posted yet!